 Dungeon Crawl Stone Soup version 0.29.0-13-gc9e81de378 (webtiles) character file.

Game seed: 1333279947343440457

77 Arum the Trooper (level 4, -6/37 HPs)
             Began as a Formicid Fighter on Sept 9, 2022.
             Was a Believer of Dithmenos.
             Mangled by an iguana (12 damage)
             ... on level 2 of the Dungeon.
             The game lasted 00:01:18 (1189 turns).

Arum the Trooper (Formicid Fighter)                 Turns: 1189, Time: 00:01:19

Health: -6/37      AC:  7    Str: 22    XL:     4   Next: 58%
Magic:  4/4        EV:  9    Int: 14    God:    Dithmenos [**....]
Gold:   79         SH:  5    Dex: 13    Spells: 3/3 levels left

rFire   . . .      SeeInvis +   a - +0 quarterstaff
rCold   . . .      Faith    .   c - +0 buckler
rNeg    . . .      Spirit   .   b - +0 scale mail
rPois   .          Reflect  .   (helmet unavailable)
rElec   .          Harm     .   (no cloak)
rCorr   .          Rampage  .   (no gloves)
Will    .....                   (no boots)
Stlth   ..........              (no amulet)
HPRegen 0.12/turn               h - +6 ring of intelligence
MPRegen 0.09/turn               (no ring)

@: wreathed by umbra
A: permanent stasis, dig shafts and tunnels, antennae 3, four strong arms
a: Dig, Shaft Self, Renounce Religion, Shadow Step


You were on level 2 of the Dungeon.
You worshipped Dithmenos.
Dithmenos was pleased with you.
You visited 1 branch of the dungeon, and saw 2 of its levels.

You collected 79 gold pieces.

Inventory:

Hand Weapons
 a - a +0 quarterstaff (weapon)
Armour
 b - a +0 scale mail (worn)
 c - a +0 buckler (worn)
Jewellery
 h - a +6 ring of intelligence (left hand)
 n - a ring of fire
Wands
 s - a wand of digging (2)
Scrolls
 e - a scroll of fear {unknown}
 j - 2 scrolls of identify {unknown}
 k - 3 scrolls of teleportation {unknown}
 m - a scroll of magic mapping {unknown}
 p - a scroll of noise {unknown}
 q - a scroll of silence {unknown}
 r - a scroll of amnesia {unknown}
 t - a scroll of enchant weapon {unknown}
Potions
 d - a potion of might
 f - a potion of brilliance {unknown}
 g - a potion of attraction {unknown}
 i - a potion of lignification {unknown}
 l - a potion of degeneration {unknown}
 o - a potion of magic {unknown}


   Skills:
 + Level 4.2 Fighting
 + Level 3.0 Staves
 + Level 4.1 Armour
 - Level 4.0 Shields


You had 3 spell levels left.
You didn't know any spells.
Your spell library contained the following spells:

 Spells                   Type           Power      Damage    Failure   Level
 Magic Dart               Conj           0%         1d3       65%         1
 Shock                    Conj/Air       0%         1d3       65%         1
 Searing Ray              Conj           0%         2d4       80%         2
 Gell's Gravitas          Tloc           0%         N/A       95%         3
 Lesser Beckoning         Tloc           0%         N/A       95%         3
 Teleport Other           Tloc           0%         N/A       95%         3
 Airstrike                Air            0%         2d(0-16)  100%        4
 Fulminant Prism          Conj/Hex       0%         3d6       100%        4
 Swiftness                Air            Unusable   N/A       N/A         3

Dungeon Overview and Level Annotations

Branches:
Dungeon (2/15)

Altars:
Dithmenos
Uskayaw


Innate Abilities, Weirdness & Mutations

You cannot be hasted, slowed, berserked, paralysed or teleported.
You can dig through walls and to a lower floor.
You have a pair of large antennae on your head. (SInv)
Your four strong arms can wield two-handed weapons with a shield.


Message History

No target in view!
No target in view!
No target in view!
No target in view!
No target in view!
No target in view!
An iguana comes into view.
The iguana hisses angrily.
An iguana is nearby!
A quokka comes into view.
The iguana bites you but does no damage.
You hit the iguana but do no damage. You block the iguana's attack.
You closely miss the iguana. The iguana bites you!
You hit the iguana.
The iguana is lightly wounded.
The iguana bites you.
The quokka bites you but does no damage.
You barely miss the iguana.
The iguana is lightly wounded.
The iguana bites you! The quokka bites you.
You are too injured to fight recklessly!
You are too injured to fight recklessly!
You are too injured to fight recklessly!
You are too injured to fight recklessly!
You are too injured to fight recklessly!
You are too injured to fight recklessly!
There are monsters nearby!
The iguana attacks as you move away! You block the iguana's attack.
The quokka completely misses you. The iguana attacks as you move away!
The iguana barely misses you. You block the quokka's attack.
The iguana attacks as you move away! The iguana bites you.
* * * LOW HITPOINT WARNING * * *
You block the quokka's attack. The quokka barely misses you.
There is a stone staircase leading up here.
The iguana attacks as you move away! The iguana barely misses you.
The iguana attacks as you move away! The iguana bites you.
* * * LOW HITPOINT WARNING * * *
The iguana attacks as you move away! The iguana bites you!
You die...

#..# # #..# . #..#.#.#.# #
###### #..#.#.#.#.
#.##....###..#.......
#............#.#.#.#..
.#####....#<.........#..
.........r..##...#......
.....#####.@l...##..........
........# #.###..##..........
#.....#.# #.#..........##.#.#
#.....#.###.###........##.... #
#.#.#.....#............##...#
#. ..........>.....)..........#
#.###.#.#.#.#†...........##.###
#....<..............#..........
#...............#...#.#.####..#


You could see an iguana and a quokka.

Vanquished Creatures
  Terence (D:2)
  2 adders (D:2)
  2 dart slugs
  2 bats (D:2)
  3 endoplasms
  2 hobgoblins (D:2)
  4 ball pythons
  3 frilled lizards
  6 goblins
  5 kobolds
  4 rats
34 creatures vanquished.

Notes
Turn   | Place    | Note
-------+----------+-------------------------------------------
     0 | D:1      | Arum the Formicid Fighter began the quest for the Orb.
     0 | D:1      | Reached XP level 1. HP: 18/18 MP: 1/1
   357 | D:1      | Found a faded altar of an unknown god.
   361 | D:1      | Reached XP level 2. HP: 23/24 MP: 2/2
   367 | D:1      | Prayed at the altar of an unknown god.
   367 | D:1      | Became a worshipper of Dithmenos the Shadowed
   367 | D:1      | Reached * piety under Dithmenos
   535 | D:2      | Noticed Terence
   633 | D:2      | Reached XP level 3. HP: 26/30 MP: 3/3
   692 | D:2      | Found a hide-covered altar of Uskayaw.
   954 | D:2      | Reached ** piety under Dithmenos
   955 | D:2      | Reached XP level 4. HP: 34/37 MP: 4/4
  1050 | D:2      | Killed Terence
  1189 | D:2      | Mangled by an iguana

Illustrated notes

Levels and vault maps discovered:
D:1:      lemuel_arrival_behind_the_door_large, layout_basic,
          basic_ecumenical_altar
D:2:      layout_basic, basic_altar, uniq_terence

Skill      XL: |  1  2  3  4 |
---------------+-------------+-----
Fighting       | 4 |  4.2
Armour         | 4 |  4.1
Staves         | 3 |  3.0
Shields        | |  4.0

Action                   |  1- 3 |  4- 6 || total
-------------------------+-------+-------++-------
Melee: Quarterstaff      |    65 |    22 ||    87
Armor: Scale mail        |    25 |     8 ||    33
Dodge: Dodged            |    50 |    14 ||    64
Block: Buckler           |    17 |     9 ||    26
